 Dungeon Crawl Stone Soup version 0.28-a0-1524-ge72afd5fc6 (webtiles) character file.

Game seed: 8179167106034280193

8 knot the Chopper (level 2, 24/24 HPs)
             Began as a Demonspawn Berserker on Jan 18, 2022.
             Was a Follower of Trog.
             Quit the game on level 1 of the Dungeon.
             The game lasted 00:00:19 (421 turns).

knot the Chopper (Demonspawn Berserker)              Turns: 421, Time: 00:00:20

Health: 24/24      AC:  5    Str: 17    XL:     2   Next: 0%
Magic:  2/2        EV: 11    Int:  8    God:    Trog [*.....]
Gold:   14         SH:  0    Dex: 12    Spells: 1/1 levels left

rFire   . . .      SeeInvis .   a - +0 hand axe
rCold   . . .      Faith    .   (no shield)
rNeg    . . .      Spirit   .   d - +0 leather armour
rPois   .          Reflect  .   (no helmet)
rElec   .          Harm     .   (no cloak)
rCorr   .          Rampage  .   (no gloves)
Will    .....                   (no boots)
Stlth   +.........              (no amulet)
HPRegen 0.08/turn               (no ring)
MPRegen 0.08/turn               (no ring)

@: no status effects
A: icy blue scales 1
a: Renounce Religion, Berserk


You were on level 1 of the Dungeon.
You worshipped Trog.
Trog was aware of your devotion.
You visited 1 branch of the dungeon, and saw 1 of its levels.

You collected 14 gold pieces.

Inventory:

Hand Weapons
 a - a +0 hand axe (weapon)
Armour
 d - a +0 leather armour (worn)
Scrolls
 b - a scroll of vulnerability {unknown}
 c - a scroll of teleportation {unknown}


   Skills:
 - Level 3.0 Fighting
 + Level 3.2 Axes
 - Level 1.7 Armour
 - Level 1.7 Dodging


You had one spell level left.
You didn't know any spells.
Your spell library contained the following spells:

 Spells                   Type           Power      Damage    Failure   Level
 Ignite Poison            Fire/Tmut/Pois 0%         N/A       83%         3
 Mephitic Cloud           Conj/Pois/Air  0%         N/A       83%         3
 Freezing Cloud           Conj/Ice/Air   0%         6-21      100%        5


Dungeon Overview and Level Annotations

Branches:
Dungeon (1/15)

Altars:


Innate Abilities, Weirdness & Mutations

You are partially covered in icy blue scales. (AC +2)


Message History

You closely miss the jackal. The jackal closely misses you.
You hit the jackal.
The jackal is moderately wounded.
The jackal bites you but does no damage.
You hit the jackal.
You feel the power of Trog in you as your rage grows.
You kill the jackal!
Trog accepts your kill.
Things that are here:
a jackal corpse; a jackal corpse You start resting.
You feel a strong urge to attack something.
You start resting.
You feel your anger nearly subside.
You start resting.
You are no longer berserk.
You are exhausted.
You feel yourself slow down.
You start resting.
You feel yourself speed up.
You start resting.
You recover from your berserk rage.
HP restored.
Key pressed, stopping explore.
You open the door. 2 kobolds come into view.
The kobold shouts!
You hear a shout!
A kobold comes into view. It is wielding a +0 whip.
There are monsters nearby!
There are monsters nearby!
The kobold throws a stone.
The stone closely misses you.
There is an open door here.
The kobold misses you.
The kobold throws a stone.
The stone misses you.
You hit the kobold.
You kill the kobold!
Trog accepts your kill.
You have reached level 2!
Your demonic ancestry asserts itself...
Icy blue scales grow over part of your body.
Are you sure you want to abandon this character and quit the game? (Confirm with "yes".)

...<...#.# .......#.#
..P.P[...####### +#
.P#≈#P.........# .#
.##≈##.#.......##.######
.≈≈≈≈≈.........#.......#
.##≈##.........#.......#
.P#≈#P.#.......#.......#
..P.P..#.......'@).....#
.......##......#.K.....#
#########......#..K....#
# ########.......# #
#.......# #.......#
#.......# #########


You could see 2 kobolds.

Vanquished Creatures
  A hobgoblin (D:1)
  3 jackals (D:1)
  A kobold (D:1)
  A bat (D:1)
  A rat (D:1)
7 creatures vanquished.

Notes
Turn   | Place    | Note
-------+----------+-------------------------------------------
     0 | D:1      | knot the Demonspawn Berserker began the quest for the Orb.
     0 | D:1      | Reached XP level 1. HP: 18/18 MP: 1/1
     0 | D:1      | Found a faded altar of an unknown god.
   421 | D:1      | Gained mutation: You are partially covered in icy blue
                  | scales. (AC +2) [demonic ancestry]
   421 | D:1      | Reached XP level 2. HP: 24/24 MP: 2/2
   421 | D:1      | Quit the game

Illustrated notes

Levels and vault maps discovered:
D:1:      eino_arrival_water_cross, layout_basic,
          chequers_ecumenical_altar_simple

Skill      XL: |  1 |
---------------+----+-----
Axes           | 3 |  3.2
Fighting       | |  3.0
Armour         | |  1.7
Dodging        | |  1.7

Action                   || total
-------------------------++-------
Melee: Hand axe          ||    31
Invok: Berserk           ||     1
Armor: Leather armour    ||     6
       Animal skin       ||     2
Dodge: Dodged            ||    24

Table legend: (Time is in decaauts)
 A = Elapsed time spent in this place.
 B = Non-inter-level travel time spent in this place.
 C = Inter-level travel time spent in this place.
 D = Time resting spent in this place.
 E = Time spent auto-exploring this place.
 F = Levels seen in this place.
 G = Mean time per level.
                   A        B        C        D        E       F      G
               +--------+--------+--------+--------+--------+-----+--------+
         Total |    430 |    430 |      0 |     34 |    326 |   1 |  430.0 |
       Dungeon |    430 |    430 |      0 |     34 |    326 |   1 |  430.0 |
               +--------+--------+--------+--------+--------+-----+--------+

Top non-repeatable levels by time:
     D:1: 430 daAuts
